Map: Interloper LE

Players

Yata

  • Race: Zerg Zerg
  • League: Platinum
  • Spawn Location: 5:00

llllllllllll

  • Race: Protoss Protoss
  • Spawn Location: 11:00

VOD

Have the link to the VOD?

Description

Time

  • Played on: Oct. 4, 2017, 12:24 a.m.
  • Length: 4:34
Show
View Real Time Build Order
Export as new Build Order

Yata Zerg 

Build Orders: Hatch First 

Get SALT Encoding   

  12  0:02  Drone  
  13  0:13  Overlord  
  13  0:17  Drone  
  14  0:31  Drone x2  
  14  0:35  Drone  
  17  0:56  Hatchery  
  16  0:57  Drone  
  16  1:00  Drone  
  18  1:11  Extractor  
  17  1:20  Spawning Pool  
  17  1:21  Drone  
  17  1:23  Drone  
  18  1:28  Drone  
  20  1:53  Hatchery  
  19  1:59  Drone x2  
  21  2:05  Overlord  
  21  2:15  Metabolic Boost  
  21  2:23  Queen  
  21  2:27  Zergling x4  
  25  2:38  Baneling Nest  
  25  2:41  Evolution Chamber  
  23  2:54  Zergling x4  
  25  3:01  Queen  
  27  3:07  Drone x3  
  30  3:20  Pneumatized Carapace  
  30  3:24  Drone x2  
  32  3:28  Baneling  
  32  3:32  Drone x4  
  32  3:34  Overlord  
  36  3:54  Drone  
  36  3:55  Drone x3  
  40  4:02  Zergling x2  
  41  4:03  Zergling x6  
Show
View Real Time Build Order
Export as new Build Order

llllllllllll Protoss 

Build Orders:  

Get SALT Encoding   

  12  0:01  Probe (Chrono Boost)  
  13  0:11  Probe (Chrono Boost)  
  14  0:22  Pylon  
  14  0:27  Probe (Chrono Boost)  
  15  0:45  Forge  
  15  0:48  Gateway  
  15  0:53  Probe (Chrono Boost)  
  16  1:05  Pylon  
  16  1:13  Assimilator  
  16  1:25  Photon Cannon  
  16  1:29  Photon Cannon  
  16  1:40  Pylon  
  16  1:52  Probe (Chrono Boost)  
  17  1:54  Pylon  
  17  2:03  Probe (Chrono Boost)  
  18  2:11  Nexus  
  18  2:14  Photon Cannon  
  18  2:21  Cybernetics Core  
  18  2:34  Probe (Chrono Boost)  
  19  2:38  Assimilator  
  19  2:44  Probe (Chrono Boost)  
  20  2:55  Photon Cannon, Probe (Chrono Boost)  
  21  3:05  Pylon  
  21  3:09  Probe (Chrono Boost)  
  23  3:20  Probe (Chrono Boost)  
  23  3:23  Stargate  
  24  3:30  Probe (Chrono Boost)  
  24  3:32  Mothership Core (Chrono Boost)  
  26  3:41  Probe (Chrono Boost)  
  26  3:46  Pylon  
  27  3:50  Probe  
  28  4:02  Photon Cannon  
  28  4:07  Pylon  
  31  4:20  Probe  
Tags
 
League
Platinum
Matchup
PvZ
Replay Pack
Pack 1
Spawn Locations
Cross Positions
Add a new tag
Caveats
  • Supply blocks, unpowered buildings, or Contaminate may cause inaccurate times.
  • Supply counts are checked every 10 seconds.